 Dungeon Crawl Stone Soup version 0.17-a0-2027-gcac42c4 (webtiles) character file.

62 Goblin1989 the Twirler (level 4, -4/26 HPs)
             Began as a Gargoyle Gladiator on Oct 11, 2015.
             Slain by an ice beast (14 damage)
             ... on level 2 of the Dungeon.
             The game lasted 00:03:54 (1487 turns).

Goblin1989 the Twirler (Gargoyle Gladiator)         Turns: 1487, Time: 00:03:54

Health: -4/26      AC:  7    Str: 19    XL:     4   Next: 8%
Magic:  4/4        EV: 12    Int:  8    God:
Gold:   68         SH:  0    Dex: 11    Spells: 0 memorised, 3 levels left

rFire  . . .     SeeInvis .     a - +0 quarterstaff
rCold  . . .     Clarity  .     b - +0 leather armour
rNeg   + . .     SustAt   .     (no shield)
rPois  ∞         Gourm    .     c - +0 helmet
rElec  +         Spirit   .     (no cloak)
rCorr  .         Warding  .     (no gloves)
rMut   .         Stasis   .     (no boots)
MR     .....                    (no amulet)
Stlth  +.........               (no ring)
                                (no ring)

@: not resistant to hostile enchantments, very unstealthy
A: negative energy resistance 1, electricity resistance, unbreathing,
petrification resistance, rot immunity, AC +3
a: no special abilities


You were on level 2 of the Dungeon.
You were not hungry.

You visited 1 branch of the dungeon, and saw 2 of its levels.

You collected 68 gold pieces.

Inventory:

Hand Weapons
 a - a +0 quarterstaff (weapon)
Missiles
 d - 3 throwing nets (quivered)
Armour
 b - a +0 leather armour (worn)
 c - a +0 helmet (worn)
Jewellery
 p - an uncursed ring of positive energy {unknown}
Wands
 m - a wand of frost (20)
Scrolls
 g - a scroll of blinking {unknown}
 i - 4 scrolls of identify {unknown}
 j - a scroll of enchant weapon {unknown}
 k - a scroll of noise {unknown}
 o - a scroll of remove curse {unknown}
Potions
 h - a potion of heal wounds {unknown}
 l - a potion of degeneration {unknown}
 n - a potion of curing {unknown}
Comestibles
 e - a bread ration
 f - a meat ration


   Skills:
 - Level 2.1 Fighting
 + Level 4.8 Staves
 - Level 1.7 Throwing
 - Level 2.4 Dodging


You had 3 spell levels left.
You didn't know any spells.

Dungeon Overview and Level Annotations

Branches:
Dungeon (2/15)

Altars:
Makhleb


Innate Abilities, Weirdness & Mutations

You are resistant to torment.
Your stone body is resilient (AC +3).
You are immune to poison.
You resist negative energy.
You are resistant to electric shocks.
You can survive without breathing.
You are immune to petrification.
You are immune to rotting.


Message History

q - a chunk of flesh You see here an adder skeleton.
Eat a chunk of flesh? (ye/n/q/i?) This raw flesh tastes terrible.
You continue eating. x2
You start resting.
HP restored.
An ice beast comes into view.
You closely miss the ice beast. The ice beast hits you.
The ice beast freezes you!
You closely miss the ice beast. The ice beast misses you.
You barely miss the ice beast.
The ice beast hits you but does no damage.
You hit the ice beast.
The ice beast is lightly wounded.
The ice beast closely misses you.
You barely miss the ice beast. The ice beast hits you.
The ice beast freezes you!
Ouch! That really hurt!
You die...

..<.# #... ..# ###.#
#<.# #.# #†# #..# #.#
#.# #..# ####.# #.#
#..# ..##.#
###.####..### #.##.#
...........(# #.##.#
###.####†.#.#####.##.#
.##.# #..#....Y@..#.#
#...# #..#######..#.#
#.### #......(......#
#.# ##..######..###
.## ##.# #..# # #.#
##..# #.# #...# #.#
#.#.# #.# #.#.#


You could see an ice beast.

Vanquished Creatures
  2 adders (D:2)
  A worm (D:2)
  A giant gecko (D:2)
  3 giant cockroaches
  4 goblins
  4 hobgoblins (D:1)
  4 jackals (D:2)
  7 bats
  5 giant newts
  3 kobolds (D:1)
  4 rats
38 creatures vanquished.

Notes
Turn   | Place    | Note
--------------------------------------------------------------
     0 | D:1      | Goblin1989 the Gargoyle Gladiator began the quest for the Orb.
     0 | D:1      | Reached XP level 1. HP: 12/12 MP: 1/1
    94 | D:1      | Reached XP level 2. HP: 12/17 MP: 2/2
   674 | D:1      | Reached skill level 4 in Staves
   753 | D:1      | Reached XP level 3. HP: 17/21 MP: 3/3
   941 | D:1      | Found a burning altar of Makhleb.
  1184 | D:2      | Found a faded altar to an unknown god.
  1233 | D:2      | Reached XP level 4. HP: 8/26 MP: 4/4
  1480 | D:2      | Noticed an ice beast
  1487 | D:2      | Slain by an ice beast

Vault maps used:
D:1:      sevenhm_arrival_forest_fort_small_6, hangedman_abyss_or_decor_stabs
D:2:      ecumenical_altar_1

Action                   |  1- 3 |  4- 6 || total
-------------------------+-------+-------++-------
Melee: Quarterstaff      |   149 |    12 ||   161
  Eat: Chunk             |     1 |     1 ||     2
